 Dungeon Crawl Stone Soup version 0.28-a0-1159-g27aa881441 (webtiles) character file.

Game seed: 6149609949882942934

5032 fragbeetle the Grappler (level 10, -5/80 HPs)
             Began as a Purple Draconian Transmuter on Dec 15, 2021.
             Was a Priest of Qazlal.
             Slain by a two-headed ogre (20 damage)
             ... on level 9 of the Dungeon on Dec 16, 2021.
             The game lasted 00:36:49 (11633 turns).

fragbeetle the Grappler (DrTm)                     Turns: 11633, Time: 00:36:51

Health: -5/80      AC:  7    Str: 17    XL:     10   Next: 30%
Magic:  9/14       EV: 12    Int: 19    God:    Qazlal [***...]
Gold:   164        SH:  4    Dex: 12    Spells: 0/15 levels left

rFire   . . .      SeeInvis .     - Unarmed
rCold   . . .      Faith    .   (shield currently unavailable)
rNeg    + . .      Spirit   .   (armour unavailable)
rPois   .          Reflect  .   (helmet restricted)
rElec   .          Harm     .   (no cloak)
rCorr   .          Rampage  .   (gloves currently unavailable)
Will    +....                   (no boots)
Stlth   +.........              (no amulet)
HPRegen 0.23/turn               q - +6 ring of intelligence
MPRegen 0.14/turn               v - ring of positive energy

@: lethally poisoned (-5 -> -17), about to teleport, blade hands (expiring)
A: breathe power, AC +7, unfitting armour, cold-blooded
a: Breathe Dispelling Energy, End Transformation, Renounce Religion, Upheaval,
Elemental Force


You were on level 9 of the Dungeon.
You worshipped Qazlal.
Qazlal was most pleased with you.
You had blades for hands.
You visited 1 branch of the dungeon, and saw 9 of its levels.
You also visited: Ossuary.

You collected 316 gold pieces.
You spent 152 gold pieces at shops.

Inventory:

Hand Weapons
 s - the +6 hunting sling of Amnireani (melded) {flame, +Blink Str+4}
   (You found it on level 4 of the Dungeon)

   Any ammunition fired from it burns those it strikes, dealing additional fire
   damage.
   Str:       It affects your strength (+4).
   +Blink:    It lets you blink.
Missiles
 i - 67 poisoned darts
 j - a throwing net
 p - 5 curare-tipped darts
 H - 50 sling bullets
Armour
 g - a scarf of shadows
Jewellery
 q - a +6 ring of intelligence (left blade hand)
 v - a ring of positive energy (right blade hand)
 F - a ring of protection from fire
 G - a +6 ring of intelligence
Wands
 y - a wand of paralysis (10)
Scrolls
 a - 6 scrolls of teleportation
 b - a scroll of vulnerability {unknown}
 c - 4 scrolls of enchant weapon {unknown}
 l - a scroll of identify
 m - a scroll of fear {unknown}
 n - a scroll of blinking {unknown}
 u - a scroll of enchant armour {unknown}
 w - 4 scrolls of magic mapping
 x - 2 scrolls of fog
 B - 2 scrolls of silence {unknown}
 C - 3 scrolls of torment {unknown}
 I - a scroll of acquirement {unknown}
 J - a scroll of summoning {unknown}
Potions
 d - a potion of cancellation {unknown}
 e - 7 potions of curing
 f - 2 potions of magic
 h - 4 potions of haste
 k - 4 potions of might
 o - 3 potions of brilliance
 r - 4 potions of heal wounds
 t - 2 potions of mutation {unknown}
 z - a potion of berserk rage {unknown}
 A - 3 potions of flight {unknown}
 D - 3 potions of lignification
 E - a potion of invisibility {unknown}
 K - a potion of attraction {unknown}


   Skills:
 + Level 4.5 Fighting
 + Level 2.4 Dodging
 + Level 8.6 Unarmed Combat
 + Level 3.2 Spellcasting
 + Level 8.3 Transmutations
 + Level 6.3 Ice Magic
 - Level 6.0 Poison Magic


You couldn't memorise any spells.
You knew the following spells:

 Your Spells              Type           Power      Damage    Failure   Level
a - Beastly Appendage     Tmut           68%        N/A       12%         1
b - Spider Form           Tmut/Pois      30%        N/A       22%         3
c - Ice Form              Ice/Tmut       30%        N/A       41%         4
d - Wereblood             Tmut           34%        N/A       13%         2
e - Blade Hands           Tmut           17%        N/A       54%         5

Your spell library contained the following spells:

 Spells                   Type           Power      Damage    Failure   Level
 Freeze                   Ice            100%       1d11      16%         1
 Frozen Ramparts          Ice            54%        1d7       26%         3
 Ensorcelled Hibernation  Hex/Ice        30%        N/A       36%         2
 Hailstorm                Conj/Ice       15%        3d5       80%         4
 Gell's Gravitas          Tloc           3%         N/A       82%         3
 Lesser Beckoning         Tloc           3%         N/A       82%         3
 Portal Projectile        Hex/Tloc       6%         N/A       82%         3
 Teleport Other           Tloc           3%         N/A       82%         3
 Excruciating Wounds      Necr           1%         N/A       100%        5
 Dispersal                Tloc           1%         N/A       100%        6


Dungeon Overview and Level Annotations

Branches:
Dungeon (9/15)             Temple (0/1) D:7         Ossuary (visited)
   Lair: D:8-11         Orc: D:9-12

Altars:
Ashenzari
Cheibriados
Fedhas
Hepliaklqana
Nemelex Xobeh
Qazlal
Ru
Sif Muna
Trog
Wu Jian
Xom
Yredelemnul

Shops:
D:2 ?[(!*

Annotations:
D:5 croobank's ghost, weakling FoDe


Innate Abilities, Weirdness & Mutations

You have blades for hands.
Your spellcasting is less reliable in this form.
You are incapable of wielding weapons or throwing items.
You can breathe bolts of dispelling energy.
Your rich purple scales are hard. (AC +7)
You cannot fit into any form of body armour.
You are cold-blooded and may be slowed by cold attacks.


Message History

Your hands turn into razor-sharp scythe blades.
The +6 hunting sling of Amnireani {flame, +Blink Str+4} melds into your body.
The +6 hunting sling of Amnireani {flame, +Blink Str+4} stops flaming.
The killer bee stings you.
You barely miss the killer bee. Your slash misses the killer bee.
The killer bee barely misses you.
Something unseen breaks down the door.
The killer bee stings you.
You are poisoned.
The killer bee poisons you!
You hit the killer bee.
The killer bee is moderately wounded.
You feel sick.
The killer bee stings you but does no damage.
You miss the killer bee.
You feel sick. The killer bee misses you. The killer bee barely misses you.
The killer bee stings you!
You are more poisoned.
The killer bee poisons you!
You barely miss the killer bee.
The killer bee is moderately wounded.
You feel sick. The killer bee stings you. The killer bee misses you. x2
You barely miss the killer bee.
The killer bee is moderately wounded.
You feel sick.
You hear a bellow!
The killer bee misses you. The killer bee stings you.
You are more poisoned.
The killer bee poisons you! The killer bee stings you.
As you read the scroll of teleportation, it crumbles to dust.
You feel strangely unstable.
Your transformation is almost over.
You feel very sick.
You hear a bellow!
You block the killer bee's attack.
The killer bee stings you but does no damage. x2
A yak comes into view.
The killer bee stings you.
The two-headed ogre hits you with a +0 giant club!!
* * * LOW HITPOINT WARNING * * *
The two-headed ogre hits you with a +0 dire flail!!
You die...

##########....+
#....#.......
###'##.OY....#
#.<..#.......#
#....Y.......#
#....#.......#
#....#.......#
#..Oy#Y......#
#...@yy......#
######.......#
....y..y.......
.......y.......
...............
...............
.....y.........
...............
.............[.


You could see a two-headed ogre, 2 yaks and 3 killer bees.

Vanquished Creatures
  A troll (D:9)
  Grinder (D:3)
  2 wraiths (Ossuary)
  A wyvern (D:4)
  A steam dragon (D:7)
  Edmund (D:5)
  2 water moccasins
  4 ice beasts
  2 necrophages
  3 sky beasts
  2 orc warriors
  5 ogres
  A centaur (D:5)
  2 phantoms (D:4)
  2 kobold brigands
  A gnoll sergeant (D:8)
  A bullfrog (D:7)
  2 scorpions (D:6)
  3 water moccasin zombies
  A wyvern zombie (D:8)
  A wyvern skeleton (D:5)
  A water moccasin skeleton (D:4)
  3 killer bees (D:8)
  7 wights
  2 jellies
  5 centaur zombies
  4 hounds
  A bullfrog zombie (D:7)
  2 orc priests
  A gnoll shaman (D:8)
  Jessica (D:3)
  A centaur skeleton (D:7)
  An iguana (D:5)
  3 orc wizards
  A hound skeleton (D:4)
  A mummy (D:6)
  2 howler monkey zombies (D:7)
  4 gnolls
  6 adders
  3 white imps
  An ufetubus (D:6)
  An adder skeleton (D:4)
  3 adder zombies (Ossuary)
  5 worms
  4 dart slugs
  27 orcs
  5 endoplasms
  3 giant cockroaches
  12 goblins
  5 hobgoblins
  2 jackals (D:2)
  4 quokkas
  5 ball pythons
  6 bats
  3 frilled lizards
  A goblin zombie (D:6)
  A hobgoblin skeleton (Ossuary)
  A hobgoblin zombie (Ossuary)
  15 kobolds
  3 kobold zombies
  An orc skeleton (Ossuary)
  2 orc zombies (Ossuary)
  7 rats
  A spectral orc (D:8)
206 creatures vanquished.

Notes
Turn   | Place    | Note
-------+----------+-------------------------------------------
     0 | D:1      | fragbeetle the Draconian Transmuter began the quest for the
                  | Orb.
     0 | D:1      | Reached XP level 1. HP: 16/16 MP: 3/3
    82 | D:1      | Found a faded altar of an unknown god.
   285 | D:1      | Reached XP level 2. HP: 16/23 MP: 3/5
   544 | D:1      | Found a sparkling altar of Nemelex Xobeh.
   680 | D:2      | Found a shimmering altar of Xom.
   772 | D:2      | Reached XP level 3. HP: 26/28 MP: 3/6
  1319 | D:2      | Found Owno Asep's General Store.
  1396 | D:2      | Found Nosaom's Magic Scroll Emporium.
  1405 | D:2      | Bought a scroll of identify for 20 gold pieces
  1433 | D:2      | Found Anodd's Distillery.
  1458 | D:2      | Bought a potion of curing for 33 gold pieces
  1475 | D:2      | Found Foeg's Antique Armour Shoppe.
  1517 | D:2      | Found Qelac's Weapon Emporium.
  1941 | D:3      | Found a stormy altar of Qazlal.
  1961 | D:3      | Reached XP level 4. HP: 34/35 MP: 5/7
  2198 | D:3      | Learned a level 3 spell: Spider Form
  2210 | D:3      | Noticed a water elemental
  2211 | D:3      | Noticed an earth elemental
  2212 | D:3      | Noticed a fire elemental
  2212 | D:3      | Noticed an air elemental
  2217 | D:3      | Became a worshipper of Qazlal Stormbringer
  2358 | D:3      | Found a blossoming altar of Fedhas.
  2547 | D:3      | Noticed Jessica
  2556 | D:3      | Killed Jessica
  2779 | D:3      | Noticed Grinder
  2863 | D:4      | Reached skill level 1 in Poison Magic
  2863 | D:4      | Reached XP level 5. HP: 40/40 MP: 6/8
  2864 | D:4      | Noticed a phantom
  2885 | D:4      | Killed a phantom
  3065 | D:4      | Reached skill level 5 in Unarmed Combat
  3065 | D:4      | Reached XP level 6. HP: 27/47 MP: 9/9
  3252 | D:4      | Learned a level 4 spell: Ice Form
  3521 | D:4      | Reached * piety under Qazlal
  3636 | D:4      | Identified the +6 hunting sling of Amnireani {flame, +Blink
                  | Str+4}
  3926 | D:4      | Your scales start taking on a rich purple colour.
  3926 | D:4      | Reached XP level 7. HP: 52/52 MP: 6/10
  3934 | D:4      | Reached skill level 5 in Transmutations
  4022 | D:4      | Reached skill level 1 in Ice Magic
  4340 | D:4      | Found a bloodstained altar of Trog.
  4481 | D:4      | Noticed a wyvern
  4488 | D:4      | Killed a wyvern
  4652 | D:5      | Entered Level 5 of the Dungeon
  4652 | D:5      | Found a shimmering blue altar of Sif Muna.
  4880 | D:5      | Reached XP level 8. HP: 53/59 MP: 7/11
  4888 | D:5      | Found a runed translucent door.
  4888 | D:5      | Noticed croobank's ghost (weakling FoDe)
  4888 | D:5      | Noticed a troll
  5085 | D:5      | Found a sacrificial altar of Ru.
  5761 | D:5      | Reached ** piety under Qazlal
  5773 | D:5      | Noticed Edmund
  5787 | D:5      | Killed Edmund
  5788 | D:5      | Reached skill level 5 in Poison Magic
  6342 | D:3      | Paralysed by Grinder for 6 turns
  6352 | D:3      | Killed Grinder
  6834 | D:6      | Found a sand-covered staircase.
  6845 | Ossuary  | Entered an ossuary
  6952 | Ossuary  | Noticed a flying skull
  6959 | Ossuary  | Noticed a flying skull
  6976 | Ossuary  | Reached XP level 9. HP: 43/64 MP: 12/12
  7376 | D:2      | Bought a scroll of magic mapping for 35 gold pieces
  7376 | D:2      | Bought a scroll of fog for 20 gold pieces
  7400 | D:2      | Bought a potion of lignification for 33 gold pieces
  7400 | D:2      | Bought a potion of degeneration for 11 gold pieces
  8059 | D:6      | Reached skill level 5 in Ice Magic
  8206 | D:6      | Learned a level 2 spell: Wereblood
  9450 | D:7      | Found a staircase to the Ecumenical Temple.
  9743 | D:7      | Reached *** piety under Qazlal
  9828 | D:7      | Found a basalt altar of Yredelemnul.
  9870 | D:7      | Found a snail-covered altar of Cheibriados.
 10154 | D:7      | Reached XP level 10. HP: 78/78 MP: 8/13
 10396 | D:8      | Found a broken altar of Ashenzari.
 10635 | D:8      | Found an ornate altar of the Wu Jian Council.
 10831 | D:8      | Found a hazy altar of Hepliaklqana.
 11257 | D:8      | Learned a level 5 spell: Blade Hands
 11625 | D:9      | Noticed a two-headed ogre
 11633 | D:9      | Slain by a two-headed ogre

Illustrated notes

Levels and vault maps discovered:
D:1:      shiori_arrival_oz, layout_rooms, ebering_ecumenical_altar_box,
          kennysheep_flooded_box
D:2:      kb_forest_paths, layout_loops_ring, serial_shops, nicolae_shop_stone,
          shop_fountains, shop, shop, nicolae_shop_window_shopping, basic_altar,
          minmay_pentomino_t4
D:3:      layout_loops_corners, mainiacjoe_overflow_brackets,
          nicolae_qazlal_style_of_elements, uniq_grinder, uniq_jessica
D:4:      minmay_octagon_keep, layout_basic, trog_butcher_becter,
          supply_closet_lemuel, minmay_diced_spiral
D:5:      layout_cave_pods, nicolae_overflow_crystal_walls,
          overflow_temple_1_default, ebering_ghost_inner_flame, uniq_edmund
D:6:      layout_basic, nicolae_ossuary_entry_giza, nicolae_water_bricks
D:7:      layout_basic, mainiacjoe_overflow_alcove_4,
          nicolae_yredelemnul_corpse_copse, minmay_temple_entry_from_below_a
D:8:      layout_loops_corners, nicolae_hepliaklqana_monster_ancestors,
          lemuel_tele_altar, ashenzari_conservatory_becter,
          minmay_fractal_squares_5
D:9:      layout_gridville, kennysheep_mini, david_orc_3,
          kb_lookout_dungeons_type

Skill      XL: |  1  2  3  4  5  6  7  8  9 10 |
---------------+-------------------------------+-----
Transmutations | 3 4 5 6 8 |  8.3
Unarmed Combat | 4 5 6 7 8 |  8.6
Poison Magic   | 1 2 3 4 5 6 |  6.0
Ice Magic      | 2 4 6 |  6.3
Fighting       | 3 4 |  4.5
Dodging        | 2 |  2.4
Spellcasting   | 3 |  3.2

Action                   |  1- 3 |  4- 6 |  7- 9 | 10-12 || total
-------------------------+-------+-------+-------+-------++-------
Melee: Unarmed           |   109 |   135 |   348 |    73 ||   665
       Kick              |    19 |    23 |       |       ||    42
       Tailslap          |     5 |    14 |       |       ||    19
       Punch             |     2 |       |       |       ||     2
       Headbutt          |     8 |    14 |     1 |       ||    23
 Fire: Hunting sling     |       |       |    15 |     2 ||    17
 Cast: Beastly Appendage |    25 |    15 |     1 |       ||    41
       Spider Form       |       |     5 |    36 |       ||    41
       Ice Form          |       |       |     7 |     8 ||    15
       Wereblood         |       |       |     1 |       ||     1
       Blade Hands       |       |       |       |     2 ||     2
  Use: Scroll            |       |       |     4 |     3 ||     7
Armor: Skin              |    32 |    15 |    48 |    18 ||   113
Dodge: Dodged            |    70 |    75 |   177 |    37 ||   359
Block: Other             |       |       |    24 |     9 ||    33

Table legend: (Time is in decaauts)
 A = Elapsed time spent in this place.
 B = Non-inter-level travel time spent in this place.
 C = Inter-level travel time spent in this place.
 D = Time resting spent in this place.
 E = Time spent auto-exploring this place.
 F = Levels seen in this place.
 G = Mean time per level.
                   A        B        C        D        E       F      G
               +--------+--------+--------+--------+--------+-----+--------+
         Total |  11587 |  11049 |    538 |   2745 |   4170 |  10 | 1158.7 |
       Dungeon |  11172 |  10634 |    538 |   2644 |   4170 |   9 | 1241.3 |
       Ossuary |    414 |    414 |      0 |    101 |      0 |   1 |  414.0 |
               +--------+--------+--------+--------+--------+-----+--------+

Top non-repeatable levels by time:
     D:4: 1897 daAuts
     D:6: 1767 daAuts
     D:5: 1721 daAuts
     D:3: 1562 daAuts
     D:2: 1255 daAuts
     D:8: 1122 daAuts
     D:7: 1031 daAuts
     D:1: 657 daAuts
 Ossuary: 414 daAuts
     D:9: 157 daAuts
